 Dungeon Crawl Stone Soup version 0.19.1 (webtiles) character file.

3691 ChaseSP the Severer (level 10, -1/81 HPs)
             Began as a Hill Orc Fighter on Nov 30, 2016.
             Was a Follower of Okawaru.
             Slain by a killer bee (4 damage)
             ... on level 8 of the Dungeon.
             The game lasted 00:12:59 (7403 turns).

ChaseSP the Severer (Hill Orc Fighter)              Turns: 7403, Time: 00:13:00

Health: -1/81      AC: 13    Str: 22    XL:     10   Next: 13%
Magic:  11/11      EV:  6    Int:  8    God:    Okawaru [*.....]
Gold:   9          SH:  9    Dex: 11    Spells: 0 memorised, 9 levels left

rFire  . . .     SeeInvis .     a - +0 war axe
rCold  + . .     Gourm    .     u - +0 chain mail
rNeg   . . .     Faith    .     c - +0 shield
rPois  +         Spirit   .     L - +0 helmet
rElec  .         Reflect  .     (no cloak)
rCorr  .         Harm     .     m - +0 pair of gloves
MR     .....                    E - +0 pair of boots
Stlth  ..........               r - amulet of rage
                                R - ring of protection from cold
                                N - ring of poison resistance

@: lethally poisoned (-1 -> -7), flying
A: no striking features
a: Heroism, Renounce Religion, Evoke Berserk Rage


You were on level 8 of the Dungeon.
You worshipped Okawaru.
Okawaru was aware of your devotion.
You were very hungry.

You visited 2 branches of the dungeon, and saw 9 of its levels.

You collected 392 gold pieces.
You spent 383 gold pieces at shops.

Inventory:

Hand Weapons
 a - a +0 war axe (weapon)
 d - a +0 shortbow
 e - a +2 mace of protection
 x - a +4 hand axe of flaming
Missiles
 h - 119 arrows
Armour
 c - a +0 shield (worn)
 m - a +0 pair of gloves (worn)
 u - a +0 chain mail (worn)
 E - a +0 pair of boots (worn)
 L - a +0 helmet (worn)
Jewellery
 r - an amulet of rage (around neck)
 t - an uncursed ring of protection from fire
 N - a ring of poison resistance (left hand)
 R - a ring of protection from cold (right hand)
Wands
 O - a wand of flame (9/48)
 P - a wand of random effects (28/48)
Scrolls
 i - 4 scrolls of teleportation
 o - 6 scrolls of remove curse
 q - a scroll of noise {unknown}
 w - 4 scrolls of identify
 y - a scroll of magic mapping
 B - a scroll of fear {unknown}
 D - 2 scrolls of amnesia {unknown}
 F - a scroll of fog
 H - 3 scrolls of blinking {unknown}
 J - a scroll of recharging
 K - a scroll of enchant armour {unknown}
Potions
 b - a potion of heal wounds {unknown}
 j - a potion of haste {unknown}
 k - a potion of cure mutation
 l - a potion of mutation {unknown}
 n - a potion of agility {unknown}
 p - a potion of degeneration {unknown}
 s - a potion of flight
 z - a potion of cancellation {unknown}
 G - a potion of magic {unknown}
 I - a potion of resistance {unknown}
 M - a potion of brilliance {unknown}
 Q - a potion of lignification {unknown}
Comestibles
 f - 6 bread rations
 g - 5 meat rations
 v - 2 slices of pizza
 A - 3 fruits
 C - 2 beef jerkies


   Skills:
 + Level 5.1 Fighting
 - Level 16.0 Axes
 + Level 1.0 Bows
 * Level 4.8 Armour
 + Level 2.0 Dodging
 - Level 3.2 Shields
 + Level 2.0 Invocations


You had 9 spell levels left.
You didn't know any spells.

Dungeon Overview and Level Annotations

Branches:
Dungeon (8/15)             Temple (1/1) D:7
   Lair: D:8-11

Altars:
Ashenzari
Cheibriados
Dithmenos
Elyvilon
Fedhas
Gozag
Hepliaklqana
Makhleb
Okawaru
Qazlal
Ru
Sif Muna
Trog
Uskayaw
Vehumet
Xom
Yredelemnul
Zin
The Shining One

Shops:
D:4 (   D:5 (


Message History

You feel sick.
The killer bee stings you but does no damage.
Your shield and chain mail prevent you from hitting the killer bee.
The killer bee is almost dead.
The killer bee stings you but does no damage.
The killer bee stings you.
* * * LOW HITPOINT WARNING * * *
You are lethally poisoned!
The killer bee poisons you!
It was a potion of cure mutation.
It has a very clean taste.
* * * LOW HITPOINT WARNING * * *
You feel sick. You block the killer bee's attack. The killer bee stings you.
* * * LOW HITPOINT WARNING * * *
Unknown command.
It was a potion of flight.
You feel very buoyant.
You fly up into the air.
* * * LOW HITPOINT WARNING * * *
You feel sick. The killer bee stings you.
You die...

#...<....##
#######..#
.# #..# .#
#..# .#
########..#
.#
.....(....#
?#
#########.#
##.######
#.#
#†y......
#.# #@# #.#
#.# #.# #.#
#.###.#
#...<.#
#######


You could see a killer bee.

Vanquished Creatures
  The ghost of Dfrag the Thaumaturge, a novice NaCj of Makhleb (D:6)
  The ghost of Dfrag the Conjurer, an amateur NaCj (D:4)
  2 hippogriffs
  Eustachio (D:4)
  An orc warrior (D:6)
  A phantom (D:4)
  3 ogres
  A sky beast (D:6)
  4 centaurs (D:5)
  A big kobold (D:8)
  3 bullfrogs
  2 scorpions
  A water moccasin skeleton (D:4)
  5 killer bees (D:8)
  12 wights (D:7)
  A howler monkey (D:5)
  A centaur zombie (D:5)
  A jelly (D:7)
  A hound (D:7)
  2 orc priests (D:6)
  An iguana (D:8)
  Ijyb (D:3)
  A bullfrog skeleton (D:5)
  3 orc wizards
  5 worker ants
  6 adders
  2 shadow imps
  An adder zombie (D:5)
  3 worms
  6 leopard geckos
  13 orcs
  3 ball pythons
  3 giant cockroaches
  5 goblins
  9 hobgoblins
  9 jackals
  10 kobolds
  4 quokkas
  9 bats
  4 frilled lizards
  2 jackal skeletons
  A leopard gecko skeleton (D:5)
  7 rats
153 creatures vanquished.

Vanquished Creatures (others)
  A bat (D:1)
  A goblin (D:1)
2 creatures vanquished.

Grand Total: 155 creatures vanquished

Notes
Turn   | Place    | Note
-------+----------+-------------------------------------------
     0 | D:1      | ChaseSP the Hill Orc Fighter began the quest for the Orb.
     0 | D:1      | Reached XP level 1. HP: 19/19 MP: 1/1
   123 | D:1      | Reached skill level 3 in Axes
   195 | D:1      | Reached XP level 2. HP: 26/26 MP: 2/2
   355 | D:1      | Reached skill level 4 in Axes
   421 | D:1      | Reached XP level 3. HP: 30/31 MP: 3/3
   992 | D:2      | Reached skill level 5 in Axes
  1105 | D:2      | Reached XP level 4. HP: 34/39 MP: 4/4
  1665 | D:3      | Found a faded altar of an unknown god.
  1721 | D:3      | Found a hide-covered altar of Uskayaw.
  1722 | D:3      | Found a bloodstained altar of Trog.
  1733 | D:3      | Found a white marble altar of Elyvilon.
  1733 | D:3      | Found a shattered altar of Ashenzari.
  1752 | D:3      | Found a burning altar of Makhleb.
  1752 | D:3      | Found a blossoming altar of Fedhas.
  1934 | D:3      | Reached skill level 6 in Axes
  2178 | D:3      | Noticed Ijyb
  2205 | D:3      | Killed Ijyb
  2653 | D:4      | Reached XP level 5. HP: 42/45 MP: 5/5
  2690 | D:4      | Noticed Eustachio
  2691 | D:4      | Noticed a phantom
  2693 | D:4      | Found Suureock's Weapon Shoppe.
  2701 | D:4      | Killed Eustachio
  2701 | D:4      | Reached skill level 8 in Axes
  2701 | D:4      | Reached XP level 6. HP: 37/51 MP: 6/6
  2703 | D:4      | Killed a phantom
  2975 | D:4      | Reached skill level 9 in Axes
  3167 | D:4      | Noticed Dfrag's ghost (amateur NaCj)
  3188 | D:4      | Killed Dfrag's ghost
  3188 | D:4      | Reached skill level 10 in Axes
  3188 | D:4      | Reached XP level 7. HP: 44/57 MP: 7/7
  3286 | D:5      | Entered Level 5 of the Dungeon
  3457 | D:5      | Reached skill level 11 in Axes
  3702 | D:5      | Reached XP level 8. HP: 34/64 MP: 8/8
  3923 | D:5      | Reached skill level 12 in Axes
  4290 | D:5      | Found Osabbes's Weapon Shoppe.
  4555 | D:6      | Reached skill level 13 in Axes
  4881 | D:6      | Noticed Dfrag's ghost (novice NaCj)
  4897 | D:6      | Killed Dfrag's ghost
  4897 | D:6      | Reached skill level 14 in Axes
  4897 | D:6      | Reached XP level 9. HP: 60/70 MP: 9/9
  5044 | D:6      | Reached skill level 15 in Axes
  5765 | D:7      | Found a staircase to the Ecumenical Temple.
  5780 | Temple   | Entered the Ecumenical Temple
  5909 | Temple   | Became a worshipper of Warmaster Okawaru
  6182 | D:7      | Reached skill level 1 in Dodging
  6518 | D:7      | Found a stormy altar of Qazlal.
  6525 | D:7      | Reached * piety under Okawaru
  6941 | D:8      | Reached XP level 10. HP: 74/80 MP: 10/10
  6949 | D:8      | Reached skill level 16 in Axes
  6983 | D:8      | Reached skill level 5 in Fighting
  6990 | D:8      | Reached skill level 1 in Invocations
  7213 | D:4      | Bought a +4 hand axe of flaming for 383 gold pieces
  7374 | D:8      | Reached skill level 1 in Bows
  7402 | D:8      | HP: 4/81 [killer bee (1)]
  7403 | D:8      | Slain by a killer bee

Skill      XL: |  1  2  3  4  5  6  7  8  9 10 |
---------------+-------------------------------+-----
Axes           | 3 4 5 6 8 10 11 14 15 16 | 16.0
Dodging        | 1 2 |  2.0
Armour         | 4 |  4.8
Fighting       | 4 5 |  5.1
Invocations    | 2 |  2.0
Bows           | 1 |  1.0
Shields        | |  3.2

Action                   |  1- 3 |  4- 6 |  7- 9 | 10-12 || total
-------------------------+-------+-------+-------+-------++-------
Melee: War axe           |   131 |   151 |   293 |    83 ||   658
Invok: Heroism           |       |       |       |     1 ||     1
 Abil: Evoke Berserk Rag |       |       |     1 |       ||     1
  Use: Scroll            |     5 |     2 |       |       ||     7
       Potion            |       |     2 |       |     2 ||     4
  Eat: Chunk             |     1 |     7 |    10 |       ||    18
       Royal jelly       |       |       |     1 |       ||     1
       Fruit             |       |       |     1 |       ||     1
Armor: Scale mail        |    84 |    16 |       |       ||   100
       Chain mail        |       |    69 |   113 |    56 ||   238
Dodge: Dodged            |    42 |    24 |    59 |    28 ||   153
Block: Shield            |    94 |    79 |   120 |    49 ||   342
